Cogmind - Beta 13 @@@ ROGUE MODE // 2024.04.12 @ 20:33:24 Player: gabr Result: Destroyed by Y-54 Guardian with Gatling Laser Performance ------------- Evolutions (3) 1500 Regions Visited (5) 1000 Robots Destroyed (109) 545 Value Destroyed (3649) 3649 Prototype IDs (8) 160 Alien Tech Used (0) 0 Bonus (989) 989 TOTAL SCORE: 7843 Bonus ------- High Alert Combat Kills 289 Entered Garrisons 200 Used RIF Installer 500 Cogmind --------- Core Integrity 0/700 Matter 29/300 Energy 89/100 System Corruption 6% Temperature Cool (12) Movement Core (50) Location -7/Garrison Parts ------- > --- POWER (1) -------- (None) > --- PROPULSION (4) --- (None) > --- UTILITY (4) ------ Improved Salvage Targeting Computer Relay Coupler [Sentry] (28) Relay Coupler [Sentry] (31) > --- WEAPON (4) ------- Remote Datajack > --- INVENTORY (5) ---- Improved Heat Sink Weapon Cycler Hardened Light Armor Plating Improved Shield Generator Rocket Array Peak State ------------ > --- POWER ------------ Micro Nuclear Core > --- PROPULSION ------- Carbon-fiber Leg Improved Titanium Leg Advanced VSS Leg > --- UTILITY ---------- Improved Heat Sink Medium Storage Unit Improved Salvage Targeting Computer Relay Coupler [Heavy] > --- WEAPON ----------- Particle Gun Flak Gun Railgun Advanced Datajack > --- INVENTORY -------- Light Nuclear Core Improved Heat Sink Weapon Cycler Hardened Light Armor Plating Improved Light Armor Plating Hardlight Generator Improved Shield Generator Gatling Laser Rocket Array Rocket Array [Rating: 55] Favorites ----------- Power Light Nuclear Core Engine Ion Engine Power Core Light Nuclear Core Propulsion Aluminum Leg Treads Armored Treads Leg Aluminum Leg Flight Unit Improved Flight Unit Utility Medium Storage Unit Device Improved Heat Sink Storage Medium Storage Unit Processor Improved Salvage Targeting Computer Hackware System Shield Protection Improved Light Armor Plating Weapon Autogun Energy Gun Heavy Particle Gun Energy Cannon Advanced Beam Cannon Ballistic Gun Autogun Ballistic Cannon Advanced Assault Cannon Launcher Mini Grenade Launcher Special Weapon Remote Datajack Special Melee Weapon Advanced Datajack Build | -11 -10 -9 -8 -7 -7 ------- Run | Yrd Mat Mat Mat Fac Gar Slots Evolved 6 | . . 2 2 2 . Power . | . . . . . . Propulsion 2 | . . 2 . . . Utility 2 | . . . 2 . . Weapon 2 | . . . . 2 . Parts Attached 167 | 7 10 33 36 34 47 Power 23 | 2 1 4 7 3 6 Engine 9 | 2 1 3 2 1 . Core 14 | . . 1 5 2 6 Reactor . | . . . . . . Propulsion 53 | 2 3 14 8 11 15 Treads 8 | . . 4 2 2 . Leg 28 | 2 3 2 2 9 10 Wheel . | . . . . . . Hover . | . . . . . . Flight 17 | . . 8 4 . 5 Utility 34 | 1 4 6 6 8 9 Device 13 | . 1 3 2 3 4 Storage 6 | 1 1 1 . 3 . Processor 5 | . . . 3 2 . Hackware 4 | . . . 1 . 3 Protection 6 | . 2 2 . . 2 Artifact . | . . . . . . Weapon 57 | 2 2 9 15 12 17 Energy Gun 26 | 1 2 5 11 3 4 Energy Cannon 2 | . . 2 . . . Ballistic Gun 21 | 1 . 2 2 5 11 Ballistic Cannon 3 | . . . 1 2 . Launcher 3 | . . . 1 2 . Special Weapon 1 | . . . . . 1 Impact Weapon . | . . . . . . Slashing Weapon . | . . . . . . Piercing Weapon . | . . . . . . Special Melee Weapon 1 | . . . . . 1 Unidentified Prototypes 8 | . . 5 1 2 . Parts Lost 24 | . . 1 6 3 14 Power 3 | . . . . 1 2 Propulsion 12 | . . . 5 1 6 Utility 1 | . . . . . 1 Weapon 8 | . . 1 1 1 5 Highest Loss Streak 8 | . . 1 3 2 8 To Critical Strikes . | . . . . . . Average Slot Usage (%) 94 | . 99 94 92 94 93 Engine 3 | . 14 3 1 1 . Core 5 | . . 7 7 5 6 Treads 7 | . . 25 . 6 . Leg 18 | . 28 5 6 22 26 Flight 5 | . . 8 25 . . Device 5 | . 4 4 4 6 6 Storage 9 | . 14 10 9 7 6 Processor 6 | . . . 13 11 9 Hackware 2 | . . . 8 3 . Protection 3 | . 9 5 . . 4 Energy Gun 13 | . 21 15 10 13 9 Ballistic Gun 8 | . 6 4 2 8 17 Ballistic Cannon 1 | . . . . 4 . Naked Turns . | . . . . . . Heaviest Build 95 | 13 21 28 26 95 39 Greatest Support 80 | 20 20 80 40 78 78 Greatest Overweight (x) 10 | 2 1 7 1 3 10 Average Overweight (x) . | . . . . . . Largest Inventory Capacity 25 | 8 10 10 10 25 10 Average Capacity 9 | 6 8 9 10 10 9 Most Carried 11 | 4 10 10 10 11 10 Average Carried 9 | 2 8 9 9 9 9 Final Capacity 10 | 8 10 10 10 10 5 Final Carried 10 | 4 10 10 10 10 5 Class Distribution -------------------- 31% | Mutant 21% | Scavenger-Tank 19% | Scavenger-Mutant 9% | Gunner 8% | Scavenger-Skirmisher 4% | Scavenger-Gunner 4% | Sprinter Dominant Class ---------------- Mutant | -10/Materials Mutant | -9/Materials Scavenger-Mutant | -8/Materials Scavenger-Skirmisher | -7/Factory Scavenger-Tank | -7/Garrison Resources | -11 -10 -9 -8 -7 -7 ----------- Run | Yrd Mat Mat Mat Fac Gar Matter Collected 3301 | 282 349 387 485 761 1037 Remotely . | . . . . . . Salvage Created 4249 | 92 699 883 744 828 1003 Parts 226 | 5 38 45 36 35 67 Haulers Intercepted 7 | . 1 3 1 2 . Recyclers Shooed 2 | . . . 1 1 . Parts Field Recycled . | . . . . . . Retrieved Matter . | . . . . . . Parts Self-Destructed . | . . . . . . Prevented . | . . . . . . Kills | -11 -10 -9 -8 -7 -7 ------- Run | Yrd Mat Mat Mat Fac Gar Combat Hostiles Destroyed 80 | . 11 16 17 9 27 Guns 68 | . 9 10 15 7 27 Cannons 9 | . . 6 1 2 . AOE 1 | . . . 1 . . Classes Destroyed 15 | 2 7 1 1 1 3 Worker 3 | . 1 . 1 1 . Builder 3 | . 1 . 1 1 . Tunneler 1 | 1 . . . . . Hauler 7 | . 1 3 1 2 . Recycler 9 | 1 2 1 1 4 . Mechanic 1 | . . . 1 . . Operator 1 | . 1 . . . . Watcher 4 | . 1 3 . . . Swarmer 19 | . 3 3 6 . 7 Cutter 3 | . . . . . 3 Grunt 41 | . 8 11 10 4 8 Duelist 1 | . . . . . 1 Sentry 9 | . . 2 1 2 4 Hunter 1 | . . . . . 1 Programmer 6 | . . . . 3 3 Best Kill Streak 10 | 2 7 10 5 4 6 Combat Bots Only 6 | . 5 6 3 3 6 Max Kills in Single Turn 2 | 1 1 1 1 1 2 Gunslinging . | . . . . . . Exploded 1 | . . . 1 . . Melee . | . . . . . . Uniques/NPCs Destroyed . | . . . . . . Combat | -11 -10 -9 -8 -7 -7 -------- Run | Yrd Mat Mat Mat Fac Gar Hostile Shots Fired 818 | . 46 59 103 160 450 Missed 302 | . 12 17 38 67 168 Damage Taken 5610 | . 388 453 908 1071 2790 Core 1038 | . 72 74 186 202 504 Absorbed by Shields 103 | . . 28 . 75 . Redirected to Shielding 8 | . 8 . . . . Regen/Repaired (Parts) 226 | . . 193 33 . . Core Remaining (%) 79 | 100 71 81 66 . . Volleys Fired 283 | 4 47 51 76 45 60 Largest 4 | 2 2 2 2 4 4 Hottest 217 | 60 115 124 125 217 208 Shots Fired 654 | 8 89 91 111 142 213 Gun 586 | 8 89 68 101 117 203 Cannon 65 | . . 23 7 25 10 Launcher 3 | . . . 3 . . Special . | . . . . . . Kinetic 290 | 4 23 14 43 63 143 Thermal 361 | 4 66 77 65 79 70 Explosive 3 | . . . 3 . . Electromagnetic . | . . . . . . Robot Hit Streak 14 | 6 13 8 14 6 10 Robot Miss Streak 17 | 1 5 4 6 5 17 Penetration Max 1 | . . . . 1 . Secondary Targets 8 | . 1 . . . 7 Max Gunslinging Chain 1 | . 1 . . . 1 Shots Hit Robots 380 | 7 55 57 74 82 105 Core Hits 248 | 3 23 39 46 32 105 Critical Kills 3 | . . 1 1 . 1 Critical Parts Destroyed . | . . . . . . Critical Strikes 15 | . 1 3 5 5 1 Burn 7 | . 1 2 2 2 . Meltdown 1 | . . 1 . . . Destroy 2 | . . . 1 . 1 Blast 5 | . . . 2 3 . Melee Attacks 2 | . . . . . 2 Impact . | . . . . . . Slashing . | . . . . . . Piercing . | . . . . . . Sneak Attacks . | . . . . . . Combat Hostiles . | . . . . . . Follow-up Attacks . | . . . . . . Damage Inflicted 7030 | 86 771 954 1462 1671 2086 Guns 5876 | 86 771 625 1066 1322 2006 Cannons 850 | . . 329 95 349 77 Explosions 301 | . . . 301 . . Melee . | . . . . . . Ramming 3 | . . . . . 3 Kinetic 2816 | 44 175 153 392 719 1333 Thermal 3910 | 42 596 801 769 952 750 Explosive 301 | . . . 301 . . Electromagnetic . | . . . . . . Impact . | . . . . . . Slashing . | . . . . . . Piercing . | . . . . . . Highest Corruption 7 | . 1 7 . 4 6 Average Corruption 4 | . 1 6 . 3 4 Corruption Purged . | . . . . . . Corruption Blocked . | . . . . . . Effects 75 | . 3 23 . 12 37 Message Errors 24 | . 1 9 . 3 11 Matter Fused 14 | . . 3 . 4 7 Heat Flow Errors 5 | . . 3 . . 2 Energy Discharges 8 | . 1 2 . 1 4 Parts Rejected 1 | . . . . 1 . Parts Fused 4 | . . . . . 4 Data Loss (minor) 5 | . 1 3 . . 1 Data Loss (major) 4 | . . . . 1 3 Misfires 3 | . . . . 1 2 Alerts 3 | . . 1 . 1 1 Weapon Failures 4 | . . 2 . . 2 Overload Shots . | . . . . . . Overflow Damage 115 | . . . . 115 . Projectiles . | . . . . . . Explosions 115 | . . . . 115 . Melee . | . . . . . . Knockbacks 4 | . . . . 3 1 Impact . | . . . . . . Kinetic 4 | . . . . 3 1 Secondary . | . . . . . . Self-Inflicted Damage 215 | . . . 37 178 . Shots 4 | . . . 2 2 . Rammed . | . . . . . . Targets Rammed 1 | . . . . . 1 Kicked 1 | . . . . . 1 Crushed . | . . . . . . Highest Temperature 674 | . 544 255 158 674 440 Average Temperature 108 | . 168 78 40 142 96 Received Heat Transfer 1815 | . 204 240 549 228 594 Effects 32 | . 11 . . 16 5 Shutdowns 4 | . 2 . . 1 1 Interference 8 | . 2 . . 3 3 Matter Decay 5 | . 2 . . 3 . Short Circuit 1 | . . . . 1 . Damage (minor) 4 | . 1 . . 2 1 Damage (major) 10 | . 4 . . 6 . Siege Activations . | . . . . . . Robots Corrupted . | . . . . . . Combat Hostiles . | . . . . . . Parts Fried . | . . . . . . Impact Corruptions . | . . . . . . Robots Melted 3 | . 2 1 . . . Combat Hostiles 2 | . 2 . . . . Parts Melted 19 | . 1 7 6 1 4 Heat Transferred 7854 | 100 1558 1675 1596 1863 1062 Parts Sabotaged . | . . . . . . Parts Stolen . | . . . . . . Parts Stripped . | . . . . . . Power Chain Reactions . | . . . . . . Alert | -11 -10 -9 -8 -7 -7 ------- Run | Yrd Mat Mat Mat Fac Gar Peak Influence 1047 | 10 296 303 532 434 1047 Initial 186 | . 6 72 27 186 163 Average 303 | 3 106 85 287 274 637 Maximum Alert Level 3 | . 1 1 2 2 3 Low Security (%) 38 | 100 96 84 27 1 4 Level 1 38 | . 3 15 58 93 20 Level 2 11 | . . . 13 4 33 Level 3 10 | . . . . . 41 Level 4 . | . . . . . . Level 5 . | . . . . . . High Security . | . . . . . . Max Security . | . . . . . . Squads Dispatched 12 | . 2 5 3 2 . Investigation 5 | . 1 2 2 . . Extermination 2 | . . . . 2 . Reinforcement 5 | . 1 3 1 . . Assault . | . . . . . . Garrison . | . . . . . . Intercept . | . . . . . . Searches Triggered . | . . . . . . Construction Impeded . | . . . . . . Haulers Reinforced . | . . . . . . Active Scanning Responses . | . . . . . . Cargo Convoy Interrupts . | . . . . . . Stealth | -11 -10 -9 -8 -7 -7 --------- Run | Yrd Mat Mat Mat Fac Gar Distress Signals 7 | . 1 1 2 3 . Communications Jammed . | . . . . . . Distress Signals . | . . . . . . Times Spotted 126 | . 19 23 31 22 31 Peak Tracking Total 10 | . 8 6 10 5 6 Tactical Retreats 12 | . . 1 5 4 2 Traps | -11 -10 -9 -8 -7 -7 ------- Run | Yrd Mat Mat Mat Fac Gar Traps Triggered 7 | . . 1 . 2 4 Indirectly . | . . . . . . Trap Hack Attempts . | . . . . . . Triggered . | . . . . . . Disarmed . | . . . . . . Reprogrammed . | . . . . . . Reused . | . . . . . . Traps Extracted . | . . . . . . Installed . | . . . . . . Triggered . | . . . . . . Machines | -11 -10 -9 -8 -7 -7 ---------- Run | Yrd Mat Mat Mat Fac Gar Machines Disabled 9 | . . . 2 5 2 Max in Single Turn 3 | . . . 1 3 1 Garrison Relay 2 | . . . . . 2 Machines Repaired . | . . . . . . Machines Dismantled . | . . . . . . Machines Sabotaged . | . . . . . . Overloaded Fab Kills . | . . . . . . Hacking | -11 -10 -9 -8 -7 -7 --------- Run | Yrd Mat Mat Mat Fac Gar Machines Accessed 12 | . 2 5 3 1 1 Terminals 8 | . 1 4 2 . 1 Fabricators . | . . . . . . Repair Stations 2 | . . 1 1 . . Recycling Units 1 | . 1 . . . . Scanalyzers . | . . . . . . Garrison Access 1 | . . . . 1 . Total Hacks 30 | . 4 12 10 2 2 Successful 12 | . 1 6 3 1 1 Failed 18 | . 3 6 7 1 1 Catastrophic 4 | . . 1 2 . 1 Database Lockouts . | . . . . . . Manual 14 | . 1 5 8 . . Terminals 18 | . 1 8 7 . 2 Fabricators . | . . . . . . Repair Stations 7 | . . 4 3 . . Recycling Units 3 | . 3 . . . . Scanalyzers . | . . . . . . Garrison Access 2 | . . . . 2 . Terminal Hacks 6 | . 1 4 . . 1 Robot Analysis 1 | . . 1 . . . Terminal Index 2 | . 1 1 . . . Unreport Threat 2 | . . 2 . . . Garrison Registry 1 | . . . . . 1 Fabricator Hacks . | . . . . . . Repair Station Hacks 5 | . . 2 3 . . Scan Component 2 | . . 1 1 . . Repair 2 | . . 1 1 . . Refit 1 | . . . 1 . . Recycling Unit Hacks . | . . . . . . Scanalyzer . | . . . . . . Garrison Access Hacks 1 | . . . . 1 . Unlock Access 1 | . . . . 1 . Unauthorized Hacks . | . . . . . . Terminals . | . . . . . . Fabricators . | . . . . . . Repair Stations . | . . . . . . Recycling Units . | . . . . . . Scanalyzers . | . . . . . . Garrison Access . | . . . . . . Data Cores Recovered 1 | . 1 . . . . Used . | . . . . . . Hacking Detections 10 | . 1 4 3 1 1 Full Trace Events 6 | . 1 2 2 . 1 Feedback Events 1 | . 1 . . . . Corruption 1 | . 1 . . . . Feedback Blocked . | . . . . . . Robot Schematics Acquired . | . . . . . . Robots Built . | . . . . . . Authchips . | . . . . . . Time . | . . . . . . Total Robot Build Rating . | . . . . . . Part Schematics Acquired . | . . . . . . Parts Built . | . . . . . . Authchips . | . . . . . . Time . | . . . . . . Total Part Build Rating . | . . . . . . Parts Repaired 2 | . . 1 1 . . Time 64 | . . 26 38 . . Parts Recycled . | . . . . . . Recycled Matter . | . . . . . . Retrieved Matter . | . . . . . . Retrieved Components . | . . . . . . Parts Scanalyzed . | . . . . . . Part Schematics Acquired . | . . . . . . Parts Damaged . | . . . . . . Bothacking | -11 -10 -9 -8 -7 -7 ------------ Run | Yrd Mat Mat Mat Fac Gar Used RIF Installer 1 | . . . . . 1 Robots Hacked 1 | . . . . . 1 Non-combat . | . . . . . . Combat 1 | . . . . . 1 Robot Hacks Applied 1 | . . . . . 1 parse_system 1 | . . . . . 1 Relay Couplers Released 6 | . . . . . 6 Machine Destruction 6 | . . . . . 6 Attached 3 | . . . . . 3 Fabnet Peak Effective % . | . . . . . . Robots Rewired . | . . . . . . Allies Hacked . | . . . . . . Hacks Repelled . | . . . . . . Allies | -11 -10 -9 -8 -7 -7 -------- Run | Yrd Mat Mat Mat Fac Gar Total Allies . | . . . . . . Largest Group . | . . . . . . Highest-Rated Group . | . . . . . . Highest-Rated Ally . | . . . . . . Total Orders . | . . . . . . Ally Attacks . | . . . . . . Total Damage . | . . . . . . Kills . | . . . . . . Allies Corrupted . | . . . . . . Allies Melted . | . . . . . . Intel | -11 -10 -9 -8 -7 -7 ------- Run | Yrd Mat Mat Mat Fac Gar Robot Analysis Total 1 | . . 1 . . . Derelict Logs Recovered . | . . . . . . Drone Launches . | . . . . . . Drone Recoveries . | . . . . . . Exploration | -11 -10 -9 -8 -7 -7 ------------- Run | Yrd Mat Mat Mat Fac Gar Turns Passed 5300 | 89 654 1224 704 1215 1414 Spaces Moved 3178 | 56 337 765 425 688 907 Core 79 | 11 . 2 . . 66 Treads 531 | . . 371 8 152 . Legs 1926 | 45 337 73 102 536 833 Wheels . | . . . . . . Hover . | . . . . . . Flight 642 | . . 319 315 . 8 Fastest Speed 28 | 50 120 31 28 122 50 Average Speed 122 | 115 137 122 98 136 119 Slowest Speed 550 | 150 190 400 240 330 550 Overloaded Moves . | . . . . . . Propulsion Burnouts . | . . . . . . Robots Hopped 7 | . . 1 6 . . Cave-ins Triggered . | . . . . . . Exploration Rate (%) 31 | 4 39 45 32 19 49 Regions Visited 5 Branch Regions . Pre-discovered Areas . | . . . . . . Known Exits Taken 1 | . . . . 1 . Unknown Exits Taken 4 | 1 1 1 1 . . Scrap Searched . | . . . . . . Spaces Dug . | . . . . . . Terrain Destroyed 57 | . . . 19 35 3 Melee . | . . . . . . Projectile 9 | . . . . 6 3 AOE 48 | . . . 19 29 . Terrain Rammed . | . . . . . . Walls Destroyed . | . . . . . . Machines Disabled . | . . . . . . Actions | -11 -10 -9 -8 -7 -7 --------- Run | Yrd Mat Mat Mat Fac Gar Total 4065 | 69 450 977 602 867 1100 Wait 220 | . 18 55 45 63 39 Move 3159 | 55 336 762 412 687 907 Hop 7 | . . 1 6 . . Pick Up 65 | 3 18 26 4 9 5 Fast Attach 97 | 6 3 23 17 21 27 Attach 17 | . . 5 9 3 . Detach 17 | . 1 3 8 4 1 Swap 54 | 1 7 6 10 10 20 Drop 141 | . 20 45 15 25 36 Fire 283 | 4 47 51 76 45 60 Melee 2 | . . . . . 2 Ram . | . . . . . . Kick 1 | . . . . . 1 Crush . | . . . . . . Escape Stasis 2 | . . . . . 2 Rewire . | . . . . . . Trap . | . . . . . . Miscellaneous . | . . . . . . Route ------- -11/Scrapyard -10/Materials -9/Materials (discovered 3 exits: *Mat / [*Min x2]) -8/Materials -7/Factory (discovered 2 exits: *Low / Gar) -7/Garrison (discovered 3 exits: [*Fac x3]) History --------- Turn | Location | Event 59 | -11/Scrapyard | Discovered new exit (range 16) 90 | -11/Scrapyard | Entered Materials 317 | -10/Materials | Build established: Mutant 730 | -10/Materials | Discovered new exit (range 8) 744 | -10/Materials | Entered another Materials area 744 | -9/Materials | Evolved 2 slots: Propulsion x2 836 | -9/Materials | Build established: Scavenger-Mutant 1090 | -9/Materials | Repaired Med. Storage Unit 1469 | -9/Materials | Build established: Mutant 1532 | -9/Materials | Discovered new exit (range 15) 1778 | -9/Materials | Discovered new exit (range 12) 1901 | -9/Materials | Discovered new exit (range 14) 1968 | -9/Materials | Entered another Materials area 1968 | -8/Materials | Evolved 2 slots: Utility x2 2432 | -8/Materials | Lost 3 parts (3n) 2566 | -8/Materials | Build established: Scavenger-Mutant 2582 | -8/Materials | Repaired Lgt. Nuclear Core 2642 | -8/Materials | Discovered new exit (range 9) 2672 | -8/Materials | Entered Factory 2672 | -7/Factory | Evolved 2 slots: Weapon x2 3072 | -7/Factory | Found Prototype Launcher 3072 | -7/Factory | Identified Rocket Array 3079 | -7/Factory | Found Rocket Array 3094 | -7/Factory | Found Rocket Array 3269 | -7/Factory | Discovered new exit (range 4) 3342 | -7/Factory | Build established: Scavenger-Skirmisher 3344 | -7/Factory | Identified exit to Lower Caves 3826 | -7/Factory | Build established: Gunner 3885 | -7/Factory | Identified exit to Garrison 3887 | -7/Factory | Entered Garrison 3933 | -7/Garrison | Triggered checkpoint 3940 | -7/Garrison | Triggered checkpoint 4257 | -7/Garrison | Core integrity fell below 50% 4312 | -7/Garrison | Build established: Scavenger-Tank 4345 | -7/Garrison | Triggered checkpoint 4351 | -7/Garrison | Triggered checkpoint 4443 | -7/Garrison | Discovered new exit (range 8) 4456 | -7/Garrison | Discovered new exit (range 82) 4456 | -7/Garrison | Discovered new exit (range 51) 4456 | -7/Garrison | Discovered new exit (range 7) 4639 | -7/Garrison | Spotted B-75 Beast 4683 | -7/Garrison | Triggered checkpoint 4720 | -7/Garrison | Garrison Relay disabled 4742 | -7/Garrison | Installed Relay Interface Framework 4977 | -7/Garrison | Garrison Relay disabled 5250 | -7/Garrison | Core integrity fell below 20% 5285 | -7/Garrison | Lost 8 parts (4n1u3w) 5301 | -7/Garrison | Destroyed by Y-54 Guardian with Gatling Laser Last Messages --------------- 05232_ Adv. VSS Leg destroyed. 05232_ Jacked Y-54 Guardian... 05233_ Carbon-fiber Leg destroyed. 05234_ Jacked B-75 Beast... >>parse_system Reading system data... New IDs: Rnf. Deuterium Engine 05235_ System corrupted: Energy discharge (-33). 05249_ Railgun destroyed. 05251_ Flak Gun destroyed. 05251_ Imp. Titanium Leg destroyed. 05253_ Particle Gun destroyed. 05254_ Relay Coupler [Heavy] destroyed. 05265_ Dropped Med. Storage Unit. 05265_ Discarded Imp. Heat Sink. 05266_ Dropped Adv. Datajack. 05266_ Dropped Mic. Nuclear Core. 05284_ Acquired Relay Coupler [Sentry]. 05298_ Acquired Remote Datajack. Map ----- +----------------------------------------------------+ | ?### ##### < #??????????????????????? | | ## #??????????????????????? | | + #??????????????????????? | | ## ##########??????????????????????? | | ?# #???????????????????????????????? | | ?# #???????????????????????????????? | | ?# #???????????????????????????????? | | ## #???????????????????????????????? | | #???????????????????????????????? | | #???????????????????????????????? | | ###+########????????????????????????? | | ??# # !!!!!#????????????????????????? | | ??# = #????????????????????????? | | ??##########????????????????????????? | | ????????????????????????????????????? | | ????????????????????????????????????? | | ????????????????????????????????????? | | ###########################?????????? | | ^!= * #?????????? | | = =" #?????????? | | ##[]#################### #######???? | | ?# #??????????????????# #! ;! #???? | | ?# #??????????????????# =#*!#!!#???? | | ?# #??????????????????#[!#;###+#???? | | ?# #??????????????????#=!;* #???? | | ?# #??????????????????# @#[###+#???? | | ?# #??????????????????# !# !# !#???? | | ?# #??????????????????# #!!+! #???? | | ?# #??????????????????# #######???? | | ?# #??????????????????# #?????????? | | ?# #??????????????????# #?????????? | | ?# #??????????????????# #?????????? | | ?# #??????????????????# #?????????? | | ?# ############???????# #?????????? | | ?# + #???????# #?????????? | | ?# ########## #???????#Y #?????????? | | ?# #???????##+##??????#Y #?????????? | | ?# #???????# #??????# #######???? | | ?# ######### ########+;# """"#???? | | ?# *!![/ "#???? | | ?# *!] #^""""#???? | | ?########"+############# #######???? | | ?????#### ##??????????# #?????????? | | ?????# #????????### #?????????? | | ???### ###??????#= ! #?????????? | | ???#"" ""#??????# = #?????????? | | ???#"! !"#??????#[ * #?????????? | | ???#"] #"## !"#??????### ###???????? | | ???#"! # # "#????????# #"#???????? | | ???#"! # # !"#????????# !"#???????? | +----------------------------------------------------+ Best States ------------- Heat Dissipation 50 Coolant Potential 65 Energy Generation 16 Energy Capacity 290 Matter Stores 357 Matter Capacity 400 Sight Range 16 Robot Scan Range 14 Terrain Scan Density 10 Armor Coverage 150 Power Shielding 33 Propulsion Shielding 33 Weapon Shielding 33 Evasion (%) 64 Target Analysis 5 Recoil Reduction 4 Matter Filtering 30 Salvage Targeting 2 Defensive Hacking 10 Relay Coupler Types 1 Relay Coupler Value 59 Item Schematics ----------------- None Robot Schematics ------------------ None Fabricated ------------ Nothing Alien Tech Used ----------------- None Achievements -------------- None Challenges ------------ None Game ------ Seed SlugElectronWings Manual? 0 Play Time 00:44:40 Cumulative 91.7 hours Start 2024.04.12 @ 19:42:22 End 2024.04.12 @ 20:33:24 Sessions 1 Manual Loads 0 Difficulty Rogue Special Mode None Game No. 185 Rogue 185 Adventurer 0 Explorer 0 Win Type - Total 0 Types 0/0/0/0/0/0/0/0/0 Lore% 29 Gallery% 49 Achievement% 34 Wizard Run 0 Options --------- Layout 0 ASCII 0 Keyboard 1 Movement Numpad Keybinds 0 Fullscreen 1 Font 24/Terminus Map View 76x50 Zoom Use 1% Tactical HUD 1 Map Filters NONE Filters NONE Steam 1 RUN: e5b129cb-945e-4111-bc8b-1f6c5f5452a3